 Dungeon Crawl Stone Soup version 0.28.0-53-g5a82cb258f (webtiles) character file.

Game seed: 3438981069896520024

322 moldycheese5 the Slasher (level 6, -2/72 HPs)
             Began as a Demonspawn Abyssal Knight on June 17, 2022.
             Was a Believer of Lugonu.
             Killed by nerve-wracking pain
             ... invoked by Grinder
              (9 damage)
             ... on level 3 of the Dungeon.
             The game lasted 00:05:56 (2565 turns).

moldycheese5 the Slasher (DsAK)                     Turns: 2565, Time: 00:05:56

Health: -2/72      AC: 14    Str: 15    XL:     6   Next: 22%
Magic:  7/7        EV:  4    Int: 12    God:    Lugonu [**....]
Gold:   138        SH:  4    Dex: 13    Spells: 5/5 levels left

rFire   . . .      SeeInvis .   a - +1 falchion
rCold   . . .      Faith    .   (no shield)
rNeg    . . .      Spirit   .   g - +0 plate armour
rPois   .          Reflect  .   (helmet restricted)
rElec   .          Harm     .   (no cloak)
rCorr   .          Rampage  .   (no gloves)
Will    .....                   (no boots)
Stlth   ..........              j - amulet of the acrobat
HPRegen 0.22/turn               (no ring)
MPRegen 0.10/turn               (no ring)

@: berserking, attractive, very quick
A: antennae 1, molten scales 2, condensation shield
a: Renounce Religion, Depart the Abyss, Bend Space


You were on level 3 of the Dungeon.
You worshipped Lugonu.
Lugonu was pleased with you.
You visited 1 branch of the dungeon, and saw 3 of its levels.
You visited the Abyss 1 time.

You collected 138 gold pieces.

Inventory:

Hand Weapons
 a - a +1 falchion (weapon)
Armour
 b - a +0 leather armour
 g - a +0 plate armour (worn)
Jewellery
 j - an amulet of the acrobat (around neck)
Wands
 l - a wand of charming (14)
Scrolls
 e - a scroll of blinking {unknown}
 f - a scroll of magic mapping {unknown}
 h - a scroll of identify {unknown}
 i - a scroll of immolation {unknown}
Potions
 c - 4 potions of lignification {unknown}
 d - 3 potions of flight {unknown}
 k - a potion of berserk rage
 m - 2 potions of attraction


   Skills:
 + Level 4.1 Fighting
 + Level 4.3 Long Blades
 + Level 3.0 Armour
 + Level 1.0 Dodging
 + Level 1.4 Shields
 + Level 2.4 Invocations


You had 5 spell levels left.
You didn't know any spells.
Your spell library was empty.

Dungeon Overview and Level Annotations

Branches:
Dungeon (3/15)

Altars:

Annotations:
D:3 Grinder


Innate Abilities, Weirdness & Mutations

You have a pair of small antennae on your head.
You are mostly covered in molten scales. (AC +3)
A meltable shield of frost defends you. (SH +4)


Message History

You suddenly lose the ability to move!
Grinder gestures at you.
You shrug off the repeated paralysis!
Grinder hits you.
You writhe in agony.
Grinder hits you but does no damage. Grinder hits you but does no damage.
Grinder gestures at you. Pain shoots through your body!
You can move again.
You hit Grinder.
Grinder is heavily wounded.
You block Grinder's attack.
You hit Grinder.
Grinder is heavily wounded.
Grinder gestures at you.
You suddenly lose the ability to move!
Grinder says, "Wait up."
Grinder hits you.
You writhe in agony.
* * * LOW HITPOINT WARNING * * *
Grinder gestures at you. You resist with significant effort. Grinder hits you.
* * * LOW HITPOINT WARNING * * *
You writhe in agony.
* * * LOW HITPOINT WARNING * * *
Grinder hits you.
* * * LOW HITPOINT WARNING * * *
You writhe in agony.
* * * LOW HITPOINT WARNING * * *
Grinder hits you but does no damage.
You can move again.
It was a potion of attraction.
You feel attractive to monsters. Grinder hits you but does no damage.
It was a potion of berserk rage.
A red film seems to cover your vision as you go berserk!
You feel yourself moving faster!
You feel mighty! Grinder gestures at you. Pain shoots through your body!
You die...

.........#.# .. #.(.8...#
.###.##.#..# #...#.....((#
.# #.# ..#.# #...#..(....#
.# #.##....# #...#....(..#
.# #.......# #...#.(....(#
##
#####.#######...###'''####
# #..................# ..#
....................#
#.####
........@....>...#......
#.##..
..#####.5..#........###..
#.##.# #.# #....#.#####.##
.....# #.# #...)#.# #.#
#.##.# #<# #....#.# #.#
#.##.####†### #....#.# #.#
........†...# #......#
####..#####.# ###.####
#..#####.## #.######.


You could see Grinder.

Vanquished Creatures
  Sigmund (D:2)
  The ghost of bchevrier the Grasshopper, a weakling GnWr of Kikubaaqudgha (D:3)
  Robin (D:3)
  5 adders
  A worm (D:3)
  2 dart slugs (D:2)
  8 endoplasms
  2 giant cockroaches
  11 goblins
  7 hobgoblins
  7 jackals
  6 kobolds
  A ball python (D:1)
  5 bats
  5 frilled lizards
  3 rats (D:1)
66 creatures vanquished.

Notes
Turn   | Place    | Note
-------+----------+-------------------------------------------
     0 | Abyss:1  | moldycheese5 the Demonspawn Abyssal Knight began the quest
                  | for the Orb.
     0 | Abyss:1  | Reached XP level 1. HP: 18/18 MP: 2/2
    32 | Abyss:1  | Found a corrupted altar of Lugonu.
    42 | D:1      | Escaped the Abyss
   149 | D:1      | Found a faded altar of an unknown god.
   346 | D:1      | Gained mutation: A meltable shield of frost defends you.
                  | (SH +4) [demonic ancestry]
   346 | D:1      | Reached XP level 2. HP: 22/24 MP: 3/3
  1038 | D:2      | Gained mutation: You are partially covered in molten
                  | scales. (AC +2) [demonic ancestry]
  1038 | D:2      | Reached XP level 3. HP: 30/30 MP: 4/4
  1155 | D:2      | Reached ** piety under Lugonu
  1323 | D:2      | Noticed Sigmund
  1346 | D:2      | Killed Sigmund
  1347 | D:2      | Reached skill level 1 in Dodging
  1347 | D:2      | Gained mutation: You have a pair of small antennae on your
                  | head. [demonic ancestry]
  1347 | D:2      | Reached XP level 4. HP: 30/37 MP: 5/5
  1347 | D:2      | Gained mutation: You are mostly covered in molten scales.
                  | (AC +3) [demonic ancestry]
  1347 | D:2      | Reached XP level 5. HP: 34/42 MP: 6/6
  1800 | D:3      | Noticed Robin
  1811 | D:3      | Killed Robin
  1981 | D:3      | Reached XP level 6. HP: 44/48 MP: 7/7
  2042 | D:3      | Noticed Grinder
  2058 | D:3      | Paralysed by Grinder for 3 turns
  2065 | D:3      | Paralysed by Grinder for 4 turns
  2081 | D:3      | Paralysed by Grinder for 6 turns
  2402 | D:3      | Found a runed translucent gate.
  2402 | D:3      | Found a runed translucent gate.
  2403 | D:3      | Found a runed translucent gate.
  2404 | D:3      | Noticed bchevrier's ghost (weakling GnWr)
  2444 | D:3      | Killed bchevrier's ghost
  2445 | D:3      | Reached skill level 1 in Shields
  2533 | D:3      | Paralysed by Grinder for 2 turns
  2539 | D:3      | Paralysed by Grinder for 4 turns
  2551 | D:3      | Paralysed by Grinder for 6 turns
  2558 | D:3      | Paralysed by Grinder for 6 turns
  2565 | D:3      | Killed from afar by Grinder

Illustrated notes

Levels and vault maps discovered:
D:1:      dpeg_arrival_three_smaller_balls, layout_loops_ring,
          ebering_ecumenical_altar_mist
D:2:      layout_basic, uniq_sigmund
D:3:      layout_loops_cross, ebering_ghost_rock_garden,
          guppyfry_early_orc_mine, uniq_terence, uniq_robin, uniq_grinder

Skill      XL: |  1  2  3  4  5  6 |
---------------+-------------------+-----
Long Blades    | 2 4 |  4.3
Armour         | 2 3 |  3.0
Fighting       | 4 |  4.1
Dodging        | 1 |  1.0
Shields        | 1 |  1.4
Invocations    | |  2.4

Action                   |  1- 3 |  4- 6 || total
-------------------------+-------+-------++-------
Melee: Falchion          |   115 |   136 ||   251
       Punch             |     1 |     2 ||     3
  Use: Potion            |     2 |     2 ||     4
Armor: Leather armour    |    11 |       ||    11
       Plate armour      |    58 |   106 ||   164
Dodge: Dodged            |    30 |    28 ||    58
Block: Other             |    14 |    16 ||    30
